AoeStats
← ME_DEPRIME_JUGAR_CON_USTEDES

Lombardia

509523109Analyzed
3v3 RM · 4d ago on Sep 27, 2026· 12m 32s· 6 players
Game mode
Random Map
Map size
Normal (6 player)
Population
200
Speed
Normal
Resources
Standard
Victory
Conquest
Starting age
Dark Age
Ending age
Imperial Age
RankedLock teamsTeams togetherTeam positionsShared explorationLock speedFull tech treeHidden civsTurbo modeCheats
Victory
Defeat
1557
+9
🇦🇷 Romans · Argentina
1429
+14
🇦🇷 Persians · Argentina
1419
+15
🇧🇷 Bulgarians · Brazil
1453
-15
🇨🇴 Goths · Colombia
1400
-13
🇧🇷 Burmese · Brazil
1336
-10
EnxameRTS
9:08 Loom
10:54 Feudal Age
Jackzedd
11:09 Feudal Age
9:25 Loom
kanservero1302
7:08 Loom
9:53 Feudal Age
JLoops
11:00 Feudal Age
14:34 Castle Age
ME_DEPRIME_JUGAR_CON_USTEDES
0:33 Loom
10:53 Feudal Age
15:09 Castle Age
ds_manu2
5:09 Loom
9:02 Feudal Age
12:01 Fletching
Connection lost

Rejoining the realm…

Still unreachable

The connection could not be restored.

Session expired

The server has moved on; the page needs a fresh start.